[ PARTIDA AOE2 · #505648980 ]
UnrankedSarracenos vs Hindustanis
Equipo del jugador · VICT
[ ANÁLISIS DE REPETICIÓN · EXTRAÍDO DE LA PARTIDA GRABADA ]
Feudal
9:17
Castillos
—
Imperial
—
| APM promedio | 72.7 |
| APM pico | 101 |
| eAPM promedio | 24.4 |
| Aldeanos / militares | 22 / 4 |
Foco
⚔️ 50.7% · 🌾 49.3%
Militia ×3 · Spearman ×1
Feudal
8:26
Castillos
—
Imperial
—
| APM promedio | 56.3 |
| APM pico | 86 |
| eAPM promedio | 21.9 |
| Aldeanos / militares | 54 / 0 |
Foco
⚔️ 41.5% · 🌾 58.5%
Mapa de la partida
Recursos iniciales + cada clic de construcción. Líneas = muros · curvas = relieve. ◆ oro · ⬟ piedra · ● bayas · ✦ reliquia · ◌ hueco del cierre
Tu base
Base de Gérard William Franz Emilio
Terreno inicial suavizado · ◌ = hueco del cierre detectado · pasá el cursor para detalles
Inputs por minuto
— Pirate - - Gérard William Franz Emilio
Build order — Pirate
42 acciones detectadas en el replay
| 0:00 | Crear | Villager (Male) |
| 0:00 | Crear | Villager (Male) ×3 |
| 0:01 | Construir | House |
| 0:03 | Construir | House |
| 1:23 | Crear | Villager (Male) |
| 1:43 | Construir | Lumber Camp |
| 1:48 | Crear | Villager (Male) |
| 2:20 | Crear | Villager (Male) |
| 2:20 | Crear | Villager (Male) |
| 2:49 | Crear | Villager (Male) |
| 2:57 | Crear | Villager (Male) |
| 3:29 | Crear | Villager (Male) |
| 3:47 | Construir | House |
| 3:54 | Construir | House |
| 4:08 | Crear | Villager (Male) |
| 4:22 | Crear | Villager (Male) |
| 4:27 | Construir | House |
| 4:39 | Crear | Villager (Male) |
| 5:05 | Crear | Villager (Male) |
| 5:29 | Construir | Barracks |
| 5:45 | Crear | Villager (Male) |
| 5:45 | Crear | Villager (Male) |
| 5:51 | Investigar | Loom |
| 5:55 | Crear | Villager (Male) |
| 5:56 | Investigar | Loom |
| 6:10 | Investigar | Loom |
| 6:12 | Crear | Villager (Male) |
| 6:12 | Investigar | Loom |
| 6:47 | Construir | Mining Camp |
| 7:07 | Investigar | Feudal Age |
| 7:15 | Crear | Militia |
| 7:16 | Crear | Militia |
| 7:51 | Construir | House |
| 7:54 | Construir | House |
| 8:00 | Crear | Militia |
| 8:31 | Crear | Villager (Male) |
| 9:17 | Edad | Edad Feudal |
| 9:19 | Investigar | Man-at-Arms (upgrade) |
| 9:25 | Construir | Archery Range |
| 9:55 | Crear | Spearman |
| 9:56 | Crear | Villager (Male) |
| 9:56 | Crear | Villager (Male) |
Build order — Gérard William Franz Emilio
61 acciones detectadas en el replay
| 0:00 | Crear | Villager (Male) ×4 |
| 0:00 | Crear | Villager (Male) ×4 |
| 0:02 | Construir | House |
| 0:03 | Construir | House |
| 1:04 | Crear | Villager (Male) |
| 1:04 | Crear | Villager (Male) |
| 1:04 | Crear | Villager (Male) |
| 1:04 | Crear | Villager (Male) |
| 1:05 | Crear | Villager (Male) |
| 1:33 | Crear | Villager (Male) |
| 1:33 | Crear | Villager (Male) |
| 1:33 | Crear | Villager (Male) |
| 1:33 | Crear | Villager (Male) |
| 1:51 | Crear | Villager (Male) |
| 1:51 | Crear | Villager (Male) |
| 1:51 | Crear | Villager (Male) |
| 1:51 | Crear | Villager (Male) |
| 2:02 | Construir | Lumber Camp |
| 2:22 | Crear | Villager (Male) |
| 2:22 | Crear | Villager (Male) |
| 2:22 | Crear | Villager (Male) |
| 2:55 | Crear | Villager (Male) |
| 2:55 | Crear | Villager (Male) |
| 2:55 | Crear | Villager (Male) |
| 3:14 | Crear | Villager (Male) |
| 3:14 | Crear | Villager (Male) |
| 3:14 | Crear | Villager (Male) |
| 3:14 | Crear | Villager (Male) |
| 3:14 | Crear | Villager (Male) |
| 3:38 | Construir | House |
| 4:01 | Crear | Villager (Male) |
| 4:01 | Crear | Villager (Male) |
| 4:25 | Crear | Villager (Male) |
| 4:25 | Crear | Villager (Male) |
| 4:25 | Crear | Villager (Male) |
| 4:26 | Crear | Villager (Male) |
| 4:26 | Crear | Villager (Male) |
| 4:26 | Crear | Villager (Male) |
| 4:35 | Crear | Villager (Male) |
| 4:49 | Investigar | Loom |
| 5:16 | Construir | Mill |
| 6:13 | Investigar | Feudal Age |
| 6:13 | Investigar | Feudal Age |
| 6:13 | Investigar | Feudal Age |
| 6:13 | Investigar | Feudal Age |
| 6:13 | Investigar | Feudal Age |
| 6:13 | Investigar | Feudal Age |
| 6:37 | Crear | Villager (Male) |
| 6:50 | Construir | Barracks |
| 7:05 | Construir | House |
| 8:26 | Edad | Edad Feudal |
| 8:27 | Construir | Stable |
| 8:30 | Crear | Villager (Male) |
| 8:35 | Construir | Lumber Camp |
| 8:49 | Construir | Palisade Wall |
| 8:56 | Construir | Palisade Wall |
| 8:59 | Construir | Palisade Wall |
| 9:04 | Construir | Palisade Wall |
| 9:04 | Crear | Villager (Male) ×5 |
| 9:22 | Crear | Villager (Male) ×5 |
| 9:51 | Crear | Villager (Male) |
Cronología de la partida
| 5:29 | Pirate · first_building Barracks |
| 6:50 | Gérard William Franz Emilio · first_building Barracks |
| 8:26 | Gérard William Franz Emilio · age_up feudal |
| 8:27 | Gérard William Franz Emilio · first_building Stable |
| 8:49 | Gérard William Franz Emilio · wall_segment Palisade Wall x1 |
| 8:56 | Gérard William Franz Emilio · wall_segment Palisade Wall x1 |
| 8:59 | Gérard William Franz Emilio · wall_segment Palisade Wall x1 |
| 9:04 | Gérard William Franz Emilio · wall_segment Palisade Wall x1 |
| 9:17 | Pirate · age_up feudal |
| 9:25 | Pirate · first_building Archery Range |
| 9:58 | Gérard William Franz Emilio · resign |
[ ANÁLISIS IA · 1 CRÉDITO ]
¿Qué pasó realmente en esta partida?
Wolo.gg analiza cada decisión: build order, eco, micro, errores típicos por bracket. Análisis personalizado por WhatsApp o Discord en 30 segundos.
Guía civ
Sarracenos
Perfil
Jugador #1314256